 Dungeon Crawl Stone Soup version 0.29-a0-323-g050149af67 (webtiles) character file.

Game seed: 16596877605267267688

17101 Dabor the Thaumaturge (level 12, -2/91 HPs)
             Began as a Gnoll Wanderer on Apr 10, 2022.
             Was an Initiate of Gozag.
             Slain by a wolf spider (5 damage)
             ... on level 2 of the Lair of Beasts.
             The game lasted 00:37:09 (20176 turns).

Dabor the Thaumaturge (Gnoll Wanderer)             Turns: 20176, Time: 00:37:10

Health: -2/91      AC: 10    Str: 10    XL:     12   Next: 44%
Magic:  0/29       EV: 17    Int: 23    God:    Gozag
Gold:   2300       SH:  0    Dex: 13    Spells: 30/37 levels left

rFire   + . .      SeeInvis +   I - staff of conjuration
rCold   . . .      Faith    .   (no shield)
rNeg    . . .      Spirit   +   J - +2 robe {Will+}
rPois   .          Reflect  .   (helmet restricted)
rElec   .          Harm     .   v - +0 cloak
rCorr   .          Rampage  .   b - +0 pair of gloves
Will    +....                   m - +0 pair of boots
Stlth   +++.......              h - amulet of guardian spirit
HPRegen 0.25/turn               t - ring of protection from fire
MPRegen 0.21/turn               F - +6 ring of intelligence

@: lethally poisoned (-2 -> -31), hasted, very quick
A: fangs 1, strong nose, distributed training, horns 1, iridescent scales 1, see
invisible
a: Renounce Religion, Potion Petition, Call Merchant, Bribe Branch


You were on level 2 of the Lair of Beasts.
You worshipped Gozag.
Gozag was most pleased with you.
You visited 3 branches of the dungeon, and saw 15 of its levels.

You collected 2378 gold pieces.
You paid 78 gold pieces to Gozag.

Inventory:

Armour
 b - a +0 pair of gloves (worn)
 m - a +0 pair of boots (worn)
 v - a +0 cloak (worn)
 H - a +1 helmet of see invisible
 J - a +2 robe of willpower (worn)
Magical Staves
 I - a staff of conjuration (weapon)
Jewellery
 d - a ring of ice
 g - a ring of flight
 h - an amulet of guardian spirit (around neck)
 t - a ring of protection from fire (left hand)
 F - a +6 ring of intelligence (right hand)
Wands
 i - a wand of acid (3)
 x - a wand of flame (32)
Scrolls
 e - 4 scrolls of vulnerability
 f - 6 scrolls of teleportation
 n - 3 scrolls of fog
 o - 2 scrolls of enchant armour
 p - 2 scrolls of enchant weapon
 w - 2 scrolls of brand weapon
 D - 4 scrolls of immolation
 G - 2 scrolls of amnesia
 N - 6 scrolls of identify
Potions
 a - 2 potions of brilliance
 c - 5 potions of might
 j - 2 potions of resistance
 q - 2 potions of heal wounds {unknown}
 r - 3 potions of degeneration
 s - 3 potions of flight
 u - a potion of experience {unknown}
 z - 2 potions of cancellation
 A - 3 potions of attraction
 C - a potion of haste
 L - a potion of mutation


   Skills:
 + Level 7.3 Fighting
 + Level 7.3 Short Blades
 + Level 7.3 Long Blades
 + Level 7.3 Axes
 + Level 7.3 Maces & Flails
 + Level 7.3 Polearms
 + Level 7.3 Staves
 + Level 7.3 Slings
 + Level 7.3 Bows
 + Level 7.3 Crossbows
 + Level 7.3 Throwing
 + Level 7.3 Armour
 + Level 11.2 Dodging
 + Level 7.3 Stealth
 + Level 7.3 Shields
 + Level 7.3 Unarmed Combat
 + Level 13.3 Spellcasting
 + Level 6.0 Conjurations
 + Level 6.0 Hexes
 + Level 6.0 Summonings
 + Level 6.0 Necromancy
 + Level 6.0 Translocations
 + Level 6.0 Transmutations
 + Level 6.0 Fire Magic
 + Level 6.0 Ice Magic
 + Level 6.0 Air Magic
 + Level 6.0 Earth Magic
 + Level 6.0 Poison Magic
 + Level 8.0 Invocations
 + Level 7.3 Evocations


You had 30 spell levels left.
You knew the following spells:

 Your Spells              Type           Power      Damage    Failure   Level
a - Shock                 Conj/Air       100%       1d9       1%          1
b - Ensorcelled Hibernat  Hex/Ice        86%        N/A       1%          2
c - Anguish               Hex/Necr       21%        N/A       3%          4

Your spell library contained the following spells:

 Spells                   Type           Power      Damage    Failure   Level
 Magic Dart               Conj           100%       1d8       1%          1
 Call Imp                 Summ           43%        N/A       1%          2
 Call Canine Familiar     Summ           43%        N/A       1%          3
 Conjure Flame            Conj/Fire      60%        6-21      1%          3
 Ignite Poison            Fire/Tmut/Pois 43%        N/A       1%          3
 Lesser Beckoning         Tloc           43%        N/A       1%          3
 Portal Projectile        Hex/Tloc       86%        N/A       1%          3
 Spider Form              Tmut/Pois      43%        N/A       1%          3
 Leda's Liquefaction      Hex/Erth       21%        N/A       3%          4
 Sticky Flame             Conj/Fire      60%        2d8       3%          4
 Disjunction              Tloc           21%        N/A       100%        8
 Shatter                  Erth           21%        3d19*     100%        9


Dungeon Overview and Level Annotations

Branches:
Dungeon (12/15)            Temple (1/1) D:5            Lair (2/6) D:10
 Spider (0/4) Lair:2
  Swamp: Lair:2-4    Shoals: Lair:2-4       Orc: D:9-12

Altars:
Ashenzari
Cheibriados
Dithmenos
Elyvilon
Fedhas
Gozag
Hepliaklqana
Kikubaaqudgha
Makhleb
Nemelex Xobeh
Okawaru
Qazlal
Ru
Sif Muna
Trog
Uskayaw
Vehumet
Wu Jian
Xom
Yredelemnul
Zin
The Shining One


Innate Abilities, Weirdness & Mutations

You have very sharp teeth.
Your uncanny sense of smell can sniff out nearby items.
Your experience applies equally to all skills.
You have a pair of small horns on your head.
You are partially covered in iridescent scales. (AC +2)
You have supernaturally acute eyesight. (SInv)


Message History

Press: ? - help, Q - select action, (/) - cycle Shift-Dir - straight line You feel a surge of power!
The zap hits the wolf spider.
The wolf spider is lightly wounded.
The zap hits the redback.
The redback is heavily wounded.
The zap hits the culicivora.
The culicivora is lightly wounded.
The wolf spider hits you!
The wolf spider is wracked by anguish!
The wolf spider bites you but does no damage.
The wolf spider misses you. The wolf spider bites you.
The wolf spider is wracked by anguish.
Aiming: Shock (safe; 1% risk of failure)
Press: ? - help, Q - select action, (/) - cycle Shift-Dir - straight line You feel a surge of power!
The zap hits the wolf spider.
The wolf spider is lightly wounded.
The zap misses the redback.
The zap hits the culicivora.
The culicivora is lightly wounded.
The wolf spider barely misses you. The wolf spider bites you.
You are poisoned.
The wolf spider poisons you! The wolf spider hits you!
The wolf spider is wracked by anguish!
The wolf spider completely misses you. The wolf spider hits you!
* * * LOW HITPOINT WARNING * * *
The wolf spider is wracked by anguish!
The wolf spider closely misses you. The wolf spider misses you.
The wolf spider bites you.
* * * LOW HITPOINT WARNING * * *
The wolf spider is wracked by anguish.
The jumping spider leaps!
Aiming: Shock (safe; 1% risk of failure)
Press: ? - help, Q - select action, (/) - cycle Shift-Dir - straight line
Okay, then.
It was a potion of haste.
You feel yourself speed up.
* * * LOW HITPOINT WARNING * * *
You feel extremely sick. The wolf spider hits you!
* * * LOW HITPOINT WARNING * * *
The wolf spider is wracked by anguish!
The wolf spider bites you but does no damage.
The wolf spider hits you.
You die...
Your body crumbles into a pile of gold.

.......# .......#
......##
......############
..............##.#
......###P.#.....#
..#..## ####....s#
..#### #.°sss#
...#.### #^°.##@#
......P# #^.^#####
......##^....#
......##.s^.##
.....##.^^^^
...### ...^ ..##
>.^# ...## ..#.##


You could see 2 wolf spiders, a culicivora and a redback.

Vanquished Creatures
  Erica (D:8)
  A two-headed ogre (D:11)
  Pikel (D:5)
  The ghost of Morbidden the Conjurer, a novice VSCj of Vehumet (D:8)
  2 cyclopes (D:11)
  2 cane toads
  Maggie (D:8)
  2 komodo dragons
  A rime drake (Lair:2)
  A kobold demonologist (D:6)
  Prince Ribbit (D:8)
  A hornet (D:9)
  8 blink frogs
  A shadow (D:11)
  3 wraiths
  3 wyverns
  6 yaks (D:10)
  2 basilisks (Lair:2)
  2 steam dragons (D:6)
  5 water moccasins
  5 orc warriors
  2 ice beasts
  4 sky beasts
  3 black bears
  An ogre (D:5)
  11 centaurs
  9 wolves
  2 lemures (D:5)
  A phantom (D:6)
  4 kobold brigands
  8 bullfrogs
  3 scorpions
  A necrophage (D:6)
  8 wights
  5 killer bees (D:9)
  7 howler monkeys
  3 hounds (D:6)
  5 orc priests
  A jelly (D:6)
  10 orc wizards
  6 iguanas
  Ijyb (D:4)
  7 gnolls
  7 adders
  4 shadow imps
  2 white imps
  An ufetubus (D:4)
  A worm (D:3)
  3 dart slugs (D:3)
  33 orcs
  11 endoplasms
  A giant cockroach (D:4)
  5 goblins
  3 hobgoblins
  6 jackals
  23 kobolds
  4 quokkas
  5 ball pythons
  8 bats
  4 frilled lizards
  4 rats
277 creatures vanquished.

Vanquished Creatures (collateral kills)
  2 vampire mosquitoes (D:12)
  An acid dragon (D:12)
3 creatures vanquished.

Vanquished Creatures (others)
  A two-headed ogre (D:10)
  A rime drake (Lair:1)
  A komodo dragon (Lair:1)
  2 wolves
  A kobold brigand (D:8)
  10 fungi
  32 plants
48 creatures vanquished.

Grand Total: 328 creatures vanquished

Notes
Turn   | Place    | Note
-------+----------+-------------------------------------------
     0 | D:1      | Reached skill level 11 in Spellcasting
     0 | D:1      | Dabor the Gnoll Wanderer began the quest for the Orb.
     0 | D:1      | Dabor set off with the following items: a +0 dagger, a +0
                  | pair of gloves, a potion of might, a +0 robe, a scroll of
                  | vulnerability; and the following spells available to
                  | memorise: Magic Dart, Shock, Call Imp, Ignite Poison
     0 | D:1      | Reached XP level 1. HP: 13/13 MP: 12/12
   158 | D:1      | Learned a level 1 spell: Shock
   384 | D:1      | Reached XP level 2. HP: 19/19 MP: 11/14
  1256 | D:1      | Reached XP level 3. HP: 25/25 MP: 10/15
  1365 | D:1      | Reached skill level 1 in Invocations
  1597 | D:2      | Reached skill level 1 in Fighting
  1597 | D:2      | Reached skill level 1 in Short Blades
  1597 | D:2      | Reached skill level 1 in Long Blades
  1597 | D:2      | Reached skill level 1 in Axes
  1597 | D:2      | Reached skill level 1 in Maces & Flails
  1597 | D:2      | Reached skill level 1 in Polearms
  1597 | D:2      | Reached skill level 1 in Staves
  1597 | D:2      | Reached skill level 1 in Slings
  1597 | D:2      | Reached skill level 1 in Bows
  1597 | D:2      | Reached skill level 1 in Crossbows
  1597 | D:2      | Reached skill level 1 in Throwing
  1597 | D:2      | Reached skill level 1 in Armour
  1597 | D:2      | Reached skill level 1 in Stealth
  1597 | D:2      | Reached skill level 1 in Shields
  1597 | D:2      | Reached skill level 1 in Unarmed Combat
  1597 | D:2      | Reached skill level 1 in Evocations
  1913 | D:2      | Reached XP level 4. HP: 32/32 MP: 15/17
  2131 | D:2      | Found a shadowy altar of Dithmenos.
  2404 | D:3      | Reached skill level 1 in Conjurations
  2404 | D:3      | Reached skill level 1 in Hexes
  2404 | D:3      | Reached skill level 1 in Summonings
  2404 | D:3      | Reached skill level 1 in Necromancy
  2404 | D:3      | Reached skill level 1 in Translocations
  2404 | D:3      | Reached skill level 1 in Transmutations
  2404 | D:3      | Reached skill level 1 in Fire Magic
  2404 | D:3      | Reached skill level 1 in Ice Magic
  2404 | D:3      | Reached skill level 1 in Air Magic
  2404 | D:3      | Reached skill level 1 in Earth Magic
  2404 | D:3      | Reached skill level 1 in Poison Magic
  2948 | D:3      | Reached XP level 5. HP: 17/37 MP: 8/18
  3201 | D:3      | Identified the +2 leather armour of the Ecumenical Temple
                  | {rF+ Dex+4}
  3394 | D:3      | Found a faded altar of an unknown god.
  4153 | D:4      | Noticed Ijyb
  4168 | D:4      | Killed Ijyb
  4258 | D:4      | Reached XP level 6. HP: 44/44 MP: 16/20
  4445 | D:5      | Entered Level 5 of the Dungeon
  4675 | D:5      | Found a staircase to the Ecumenical Temple.
  4875 | D:5      | Noticed Pikel
  4906 | D:5      | Killed Pikel
  4907 | D:5      | Reached XP level 7. HP: 17/51 MP: 4/22
  5172 | D:5      | Learned a level 2 spell: Ensorcelled Hibernation
  5195 | D:5      | Reached XP level 8. HP: 29/57 MP: 12/23
  6110 | Temple   | Entered the Ecumenical Temple
  6373 | Temple   | Became a worshipper of Gozag Ym Sagoz the Greedy
  7750 | D:6      | Reached XP level 9. HP: 65/65 MP: 19/24
  7887 | D:6      | Reached skill level 12 in Spellcasting
  8236 | D:6      | HP: 1/65 [sky beast (6)]
  8537 | D:6      | Noticed a kobold demonologist
  8587 | D:6      | Noticed an orange demon
  8587 | D:6      | Noticed a red devil
  8591 | D:6      | Killed a kobold demonologist
  8592 | D:6      | Reached skill level 5 in Invocations
  8814 | D:6      | Learned a level 4 spell: Anguish
  9074 | D:7      | Reached XP level 10. HP: 60/73 MP: 26/26
  9364 | D:7      | Reached skill level 5 in Fighting
  9364 | D:7      | Reached skill level 5 in Short Blades
  9364 | D:7      | Reached skill level 5 in Long Blades
  9364 | D:7      | Reached skill level 5 in Axes
  9364 | D:7      | Reached skill level 5 in Maces & Flails
  9364 | D:7      | Reached skill level 5 in Polearms
  9364 | D:7      | Reached skill level 5 in Staves
  9364 | D:7      | Reached skill level 5 in Slings
  9364 | D:7      | Reached skill level 5 in Bows
  9364 | D:7      | Reached skill level 5 in Crossbows
  9364 | D:7      | Reached skill level 5 in Throwing
  9364 | D:7      | Reached skill level 5 in Armour
  9364 | D:7      | Reached skill level 5 in Stealth
  9364 | D:7      | Reached skill level 5 in Shields
  9364 | D:7      | Reached skill level 5 in Unarmed Combat
  9364 | D:7      | Reached skill level 5 in Evocations
  9613 | D:7      | Reached skill level 10 in Dodging
  9906 | D:7      | Gained mutation: You are partially covered in iridescent
                  | scales. (AC +2) [potion of mutation]
  9906 | D:7      | Gained mutation: You have supernaturally acute eyesight.
                  | (SInv) [potion of mutation]
  9906 | D:7      | Gained mutation: You have a pair of small horns on your
                  | head. [potion of mutation]
 10231 | D:8      | Noticed Morbidden's ghost (novice VSCj)
 10232 | D:8      | Found a runed translucent door.
 10730 | D:8      | Noticed Maggie
 10733 | D:8      | Killed Maggie
 10826 | D:8      | Noticed Erica
 10835 | D:8      | Killed Erica
 10996 | D:8      | Found a shimmering altar of Xom.
 11188 | D:8      | Noticed Prince Ribbit
 11211 | D:8      | Killed Prince Ribbit
 12790 | D:8      | Killed Morbidden's ghost
 12791 | D:8      | Reached XP level 11. HP: 64/81 MP: 16/27
 13583 | D:9      | Reached skill level 5 in Conjurations
 13583 | D:9      | Reached skill level 5 in Hexes
 13583 | D:9      | Reached skill level 5 in Summonings
 13583 | D:9      | Reached skill level 5 in Necromancy
 13583 | D:9      | Reached skill level 5 in Translocations
 13583 | D:9      | Reached skill level 5 in Transmutations
 13583 | D:9      | Reached skill level 5 in Fire Magic
 13583 | D:9      | Reached skill level 5 in Ice Magic
 13583 | D:9      | Reached skill level 5 in Air Magic
 13583 | D:9      | Reached skill level 5 in Earth Magic
 13583 | D:9      | Reached skill level 5 in Poison Magic
 14051 | D:10     | Entered Level 10 of the Dungeon
 14711 | D:10     | Found a staircase to the Lair.
 14818 | D:10     | Noticed a two-headed ogre
 14840 | D:10     | Killed a two-headed ogre
 15817 | D:11     | Noticed a cyclops
 15828 | D:11     | Killed a cyclops
 15953 | D:11     | Noticed a two-headed ogre
 15966 | D:11     | Killed a two-headed ogre
 15967 | D:11     | Reached skill level 13 in Spellcasting
 16209 | D:11     | Noticed a cyclops
 16225 | D:11     | Killed a cyclops
 16969 | Lair:1   | Entered Level 1 of the Lair of Beasts
 17195 | Lair:1   | Reached XP level 12. HP: 40/89 MP: 3/29
 19138 | Lair:2   | Got the Catalogue of Unstable Stones
 20161 | Lair:2   | Found a hole to the Spider Nest.
 20176 | Lair:2   | HP: 3/91 [wolf spider (10)]
 20176 | Lair:2   | Slain by a wolf spider

Illustrated notes

Levels and vault maps discovered:
D:1:      eino_arrival_druids_welcome, layout_basic
D:2:      layout_rooms, basic_altar, minmay_puff
D:3:      layout_basic, dreamdust_ecumenical_altar_angels_and_demons
D:4:      layout_basic, uniq_ijyb
D:5:      layout_layer_cave, minmay_temple_entry_ruins, uniq_pikel
D:6:      kennysheep_windowed_halls, layout_basic, grunt_ministairs_4,
          minmay_misc_feat_five
D:7:      layout_loops_ring
D:8:      nicolae_whirlpool, layout_basic,
          mainiacjoe_overflow_concentric_impassable,
          hellmonk_ghost_happy_afterlife, uniq_erica, uniq_maggie,
          uniq_prince_ribbit1
D:9:      layout_cave_pools, kennysheep_crisscross, kennysheep_generic_room_12
D:10:     layout_stronghold, david_lair_shrubbed
D:11:     layout_big_octagon
D:12:     layout_roguey, orc_0_dummy, hangedman_decor_lopped,
          kennysheep_vampire_church
Temple:   mainiacjoe_temple_hex_bubbles
Lair:1:   layout_roguey
Lair:2:   layout_small_grid, spider_nest_entry_funnel_web, grunt_megastairs_5

Skill      XL: |  1  2  3  4  5  6  7  8  9 10 11 12 |
---------------+-------------------------------------+-----
Spellcasting   | 12 13 | 13.3
Invocations    | 1 2 3 4 5 6 7 8 |  8.0
Fighting       | 1 2 3 4 5 6 7 |  7.3
Short Blades   | 1 2 3 4 5 6 7 |  7.3
Long Blades    | 1 2 3 4 5 6 7 |  7.3
Axes           | 1 2 3 4 5 6 7 |  7.3
Maces & Flails | 1 2 3 4 5 6 7 |  7.3
Polearms       | 1 2 3 4 5 6 7 |  7.3
Staves         | 1 2 3 4 5 6 7 |  7.3
Slings         | 1 2 3 4 5 6 7 |  7.3
Bows           | 1 2 3 4 5 6 7 |  7.3
Crossbows      | 1 2 3 4 5 6 7 |  7.3
Throwing       | 1 2 3 4 5 6 7 |  7.3
Armour         | 1 2 3 4 5 6 7 |  7.3
Stealth        | 1 2 3 4 5 6 7 |  7.3
Shields        | 1 2 3 4 5 6 7 |  7.3
Unarmed Combat | 1 2 3 4 5 6 7 |  7.3
Evocations     | 1 2 3 4 5 6 7 |  7.3
Conjurations   | 1 2 3 4 5 6 |  6.0
Hexes          | 1 2 3 4 5 6 |  6.0
Summonings     | 1 2 3 4 5 6 |  6.0
Necromancy     | 1 2 3 4 5 6 |  6.0
Translocations | 1 2 3 4 5 6 |  6.0
Transmutations | 1 2 3 4 5 6 |  6.0
Fire Magic     | 1 2 3 4 5 6 |  6.0
Ice Magic      | 1 2 3 4 5 6 |  6.0
Air Magic      | 1 2 3 4 5 6 |  6.0
Earth Magic    | 1 2 3 4 5 6 |  6.0
Poison Magic   | 1 2 3 4 5 6 |  6.0
Dodging        | 9 10 11 | 11.2

Action                   |  1- 3 |  4- 6 |  7- 9 | 10-12 || total
-------------------------+-------+-------+-------+-------++-------
Melee: Dagger            |    19 |       |       |       ||    19
       Bite              |     2 |     5 |    17 |     4 ||    28
       Flail             |       |    55 |    45 |       ||   100
       Punch             |       |     2 |     3 |     2 ||     7
       Staff             |       |       |    89 |    56 ||   145
       Headbutt          |       |       |       |     4 ||     4
 Cast: Shock             |    70 |   168 |   204 |   732 ||  1174
       Anguish           |       |       |       |    20 ||    20
       Ensorcelled Hiber |       |       |       |     5 ||     5
Evoke: Wand              |       |       |       |    26 ||    26
  Use: Potion            |       |     2 |     2 |    12 ||    16
       Scroll            |       |       |     3 |    13 ||    16
Armor: Robe              |     9 |     6 |       |    96 ||   111
       Leather armour    |       |    26 |    75 |    24 ||   125
       Skin              |       |       |       |     2 ||     2
Dodge: Dodged            |    38 |    65 |   171 |   413 ||   687

Table legend: (Time is in decaauts)
 A = Elapsed time spent in this place.
 B = Non-inter-level travel time spent in this place.
 C = Inter-level travel time spent in this place.
 D = Time resting spent in this place.
 E = Time spent auto-exploring this place.
 F = Levels seen in this place.
 G = Mean time per level.
                   A        B        C        D        E       F      G
               +--------+--------+--------+--------+--------+-----+--------+
         Total |  20256 |  19748 |    508 |   3558 |  12623 |  15 | 1350.4 |
       Dungeon |  16760 |  16309 |    451 |   3106 |   9998 |  12 | 1396.7 |
        Temple |    286 |    242 |     44 |      0 |    241 |   1 |  286.0 |
          Lair |   3208 |   3196 |     12 |    452 |   2384 |   2 | 1604.0 |
               +--------+--------+--------+--------+--------+-----+--------+

Top non-repeatable levels by time:
     D:8: 2727 daAuts
     D:6: 2437 daAuts
  Lair:1: 1752 daAuts
     D:5: 1724 daAuts
    D:10: 1671 daAuts
     D:1: 1501 daAuts
  Lair:2: 1456 daAuts
     D:7: 1330 daAuts
     D:3: 1277 daAuts
    D:11: 1185 daAuts
     D:9: 1156 daAuts
     D:2: 1147 daAuts
     D:4: 524 daAuts
  Temple: 286 daAuts
    D:12: 75 daAuts
